 Dungeon Crawl Stone Soup version 0.26-a0-610-g3e9335bbc7 (webtiles) character file.

Game seed: 13433103477122027168

52 Descartes the Scratcher (level 3, -6/15 HPs)
             Began as a Felid Transmuter on Sept 4, 2020.
             Mangled by Natasha (8 damage)
             ... on level 2 of the Dungeon.
             The game lasted 00:01:57 (1405 turns).

Descartes the Scratcher (Felid Transmuter)          Turns: 1405, Time: 00:01:57

Health: -6/15      AC:  1    Str:  7    XL:     3   Next: 60%
Magic:  6/7        EV: 18    Int: 14    God:
Gold:   68         SH:  0    Dex: 16    Spells: 5/6 levels left
                                        Lives:  0   Deaths: 0

rFire    . . .     SeeInvis +     - Unarmed
rCold    . . .     Faith    .   (shield unavailable)
rNeg     . . .     Spirit   .   (armour unavailable)
rPois    .         Reflect  .   (helmet unavailable)
rElec    .         Harm     .   (cloak unavailable)
rCorr    +                      (gloves unavailable)
MR       .....                  (boots unavailable)
Stlth    ++++......             (no amulet)
HPRegen  0.05/turn              a - ring of stealth
MPRegen  0.10/turn              d - ring of resist corrosion

@: appendages (expiring), quick
A: very small, no armour, no weapons or thrown items, stealth, claws 1, fangs 3,
horns 2, see invisible, speed 1, shaggy fur 1, sharp paws
a: End Transformation


You were on level 2 of the Dungeon.
You had grown temporary horns.
You visited 1 branch of the dungeon, and saw 2 of its levels.

You collected 68 gold pieces.

Inventory:

Jewellery
 a - a ring of stealth (left paw)
 d - a ring of resist corrosion (right paw)
Potions
 b - a potion of curing {unknown}
 c - 2 potions of stabbing {unknown}
 e - a potion of degeneration {unknown}


   Skills:
 + Level 1.4 Fighting
 + Level 3.1 Dodging
 * Level 2.3 Stealth
 * Level 3.6 Unarmed Combat
 - Level 2.0 Spellcasting
 + Level 2.6 Transmutations


You had 5 spell levels left.
You knew the following spells:

 Your Spells              Type           Power        Failure   Level
a - Beastly Appendage     Tmut           #.....       9%          1

Your spell library contained the following spells:

 Spells                   Type           Power        Failure   Level
 Wereblood                Tmut           #.......     12%         2
 Spider Form              Tmut/Pois      #.........   38%         3
 Ice Form                 Ice/Tmut       #.......     80%         4
 Blade Hands              Tmut           #.........   92%         5


Dungeon Overview and Level Annotations

Branches:
Dungeon (2/15)

Altars:
Dithmenos

Annotations:
D:2 Natasha


Innate Abilities, Weirdness & Mutations

You cannot wear armour.
You are incapable of wielding weapons or throwing items.
Your paws allow you to move quietly. (Stealth)
You have sharp claws.
You have razor-sharp teeth.
You have supernaturally acute eyesight. (SInv)
You cover ground quickly.
You are covered in fur. (AC +1)
Your sharp claws are effective at attacking unaware monsters.
You have a pair of horns on your head.


Message History

You are too injured to fight recklessly!
You are too injured to fight recklessly!
You are too injured to fight recklessly!
You are too injured to fight recklessly!
You are too injured to fight recklessly!
You are too injured to fight recklessly!
You are too injured to fight recklessly!
You are too injured to fight recklessly!
You are too injured to fight recklessly!
You are too injured to fight recklessly!
You are too injured to fight recklessly!
You scratch Natasha. You headbutt Natasha.
Natasha is severely wounded.
Natasha completely misses you.
You scratch Natasha. Your headbutt misses Natasha.
Natasha is almost dead.
Your transformation is almost over.
Natasha claws you!
Ouch! That really hurt!
You die...

...# ####.#
.# .##
##.(..##.##
..##
#..#......#
<..#
##.##......#
...#
#>.##).....#
...#
#.###......#
..#### #.#
#......#
.....######.#
#......#
####........#
#.@....# #
#..[......#
#.h.......
###.####....#
#......>..
#.. #.....#
#.........
#.# #.#####
######....
#.# #.# ....
..# #.# ###
.## #.# ..##
#.#


You could see Natasha (fast).

Vanquished Creatures
  2 adders (D:2)
  An ooze (D:1)
  A dart slug (D:1)
  A leopard gecko (D:1)
  3 bats (D:1)
  3 giant cockroaches (D:1)
  5 goblins
  3 hobgoblins (D:1)
  2 kobolds
  A quokka (D:2)
  4 rats
26 creatures vanquished.

Notes
Turn   | Place    | Note
-------+----------+-------------------------------------------
     0 | D:1      | Descartes the Felid Transmuter began the quest for the Orb.
     0 | D:1      | Reached XP level 1. HP: 9/9 MP: 4/4
   241 | D:1      | Reached skill level 1 in Stealth
   256 | D:1      | Reached XP level 2. HP: 5/12 MP: 4/6
  1024 | D:1      | Reached XP level 3. HP: 15/15 MP: 5/7
  1200 | D:2      | Found a shadowy altar of Dithmenos.
  1397 | D:2      | Noticed Natasha
  1405 | D:2      | Mangled by Natasha

Illustrated notes

Levels and vault maps discovered:
D:1:      moated_graveyard_arrival, layout_rooms
D:2:      layout_rooms, old_standard_altar, xom_redecorated,
          nicolae_dithmenos_through_a_glass_darkly, uniq_jessica, uniq_natasha

Skill      XL: |  1  2  3 |
---------------+----------+-----
Stealth        | 1 2 |  2.3
Dodging        | 3 |  3.1
Fighting       | |  1.4
Unarmed Combat | |  3.6
Spellcasting   | |  2.0
Transmutations | |  2.6

Action                   || total
-------------------------++-------
Melee: Unarmed           ||    77
       Bite              ||     5
       Headbutt          ||     5
 Cast: Beastly Appendage ||    19
 Stab: Sleeping          ||     5
Armor: Skin              ||     3
Dodge: Dodged            ||    72

Table legend: (Time is in decaauts)
 A = Elapsed time spent in this place.
 B = Non-inter-level travel time spent in this place.
 C = Inter-level travel time spent in this place.
 D = Time resting spent in this place.
 E = Time spent auto-exploring this place.
 F = Levels seen in this place.
 G = Mean time per level.
                   A        B        C        D        E       F      G
               +--------+--------+--------+--------+--------+-----+--------+
         Total |   1309 |   1303 |      6 |      0 |   1113 |   2 |  654.5 |
       Dungeon |   1309 |   1303 |      6 |      0 |   1113 |   2 |  654.5 |
               +--------+--------+--------+--------+--------+-----+--------+

Top non-repeatable levels by time:
     D:1: 1046 daAuts
     D:2: 263 daAuts
